 Dungeon Crawl Stone Soup version 0.31.0-32-g396128a36d (webtiles) character file.

Game seed: 5459863413750121040

538 Killerpretzel the Changeling (level 7, -4/46 HPs)
             Began as an Octopode Shapeshifter on Mar 8, 2024.
             Was a Follower of Vehumet.
             Slain by an ogre
             ... wielding a +0 giant spiked club
              (25 damage)
             ... on level 5 of the Dungeon.
             The game lasted 00:06:48 (4149 turns).

Killerpretzel the Changeling (OpSh)                 Turns: 4149, Time: 00:06:48

Health: -4/46      AC:  1    Str: 13    XL:     7   Next: 26%
Magic:  7/7        EV: 14    Int: 13    God:    Vehumet [*.....]
Gold:   221        SH:  0    Dex: 13    Spells: 6/6 levels left

rFire   . .          .
                       - Unarmed
rCold   . . .        e - orb {*channel}
rNeg    + . .        (helmet currently unavailable)
rPois   .            (no amulet)
rElec   .            g - ring of positive energy
rCorr   .            (no ring)
SInv    .            (no ring)
Will    .....        (no ring)
Stlth   ++           (no ring)
HPRegen 0.27/turn    (no ring)
MPRegen 0.10/turn    (no ring)
                     (no ring)

%: channel magic (20%)
@: beast-form
A: beast (slay +3), almost no armour, amphibious, 8 rings, camouflage 1,
gelatinous body 1, (nimble swimmer 1), tentacles
a: Begin Untransformation, Renounce Religion


You were on level 5 of the Dungeon.
You worshipped Vehumet.
Vehumet was aware of your devotion.
You were a hulking beast.
You visited 1 branch of the dungeon, and saw 5 of its levels.
You also visited: Sewer.

You collected 221 gold pieces.

Inventory:

Missiles
 d - 4 javelins (quivered)
 k - 5 boomerangs
Armour
 e - an orb of energy (worn)
Jewellery
 g - a ring of positive energy (left tentacle)
Talismans
 b - a beast talisman
 c - a flux talisman
 s - a blade talisman
Scrolls
 h - a scroll of amnesia
 o - a scroll of silence {unknown}
 p - a scroll of identify
 t - a scroll of enchant armour
Potions
 a - a potion of lignification
 i - 5 potions of curing
 j - a potion of mutation {unknown}
 l - a potion of might {unknown}
 m - a potion of heal wounds {unknown}
 n - a potion of cancellation {unknown}
 q - a potion of resistance {unknown}
 r - a potion of degeneration {unknown}


   Skills:
 + Level 3.3 Fighting
 + Level 3.7 Dodging
 + Level 4.4 Unarmed Combat
 * Level 5.2 Shapeshifting


You had 6 spell levels left.
You didn't know any spells.
Your spell library was empty.

Dungeon Overview and Level Annotations

Branches:
Dungeon (5/15)              Sewer (visited)
 Temple: D:4-7

Altars:
Vehumet

Shops:
D:1 :*


Innate Abilities, Weirdness & Mutations

You are a hulking beast.
Your limbs bulge with bestial killing power. (Slay +3)
You cannot wear most types of armour.
You are amphibious.
You can wear up to eight rings at the same time.
Your skin changes colour to match your surroundings (Stealth+).
Your rubbery body absorbs attacks. (AC +1, EV +1)
((You are camouflaged when in or above water. (Stealth+)))
You have tentacles for arms and can constrict up to eight enemies at once.


Message History

The hound bites you. The hound attacks as it pursues you!
The hound barely misses you. The hound attacks as it pursues you!
The hound closely misses you. The hound misses you. The hound bites you.
The hound attacks as it pursues you! The hound bites you.
You tentacle-slap the hound. Your grab misses the hound.
Your squeeze misses the hound.
The hound is moderately wounded.
The hound bites you.
* * * LOW HITPOINT WARNING * * *
The hound closely misses you.
You closely miss the hound. You grab the hound.
The hound is moderately wounded.
You constrict the hound. The hound bites you.
* * * LOW HITPOINT WARNING * * *
You are confused.
You feel invigorated.
You constrict the hound. The hound completely misses you. The hound bites you.
* * * LOW HITPOINT WARNING * * *
You bump into the rock wall.
You constrict the hound. The hound bites you.
* * * LOW HITPOINT WARNING * * *
You bump into the rock wall.
You constrict the hound. The hound completely misses you. The hound bites you.
You barely miss the hound. You squeeze the hound.
You kill the hound!
Vehumet accepts your kill.
You bump into the rock wall.
The ogre barely misses you.
You tentacle-slap the ogre. You squeeze the ogre.
The ogre is severely wounded.
The ogre hits you with a +0 giant spiked club!
* * * LOW HITPOINT WARNING * * *
You bump into the rock wall.
You bludgeon the ogre! You squeeze the ogre, but do no damage.
The ogre is almost dead.
You feel less invigorated.
You feel less confused.
The ogre hits you with a +0 giant spiked club!!
Ouch! That really hurt!
You die...

#.....#...# #........#
##...#. #.##.###..#
#.#.##.#.# ##...... #.#.##
##.###.#.#....###...#... .
...##
##.............O......##.
#.#.##
##.###.#......#....###.#..
#.##.###..#
#.##.#.#.##.#.# ..|
#.###.#.#.#
#...lw...##l.w###.#
#.........#
####O########.....#
######.#### #h# ##.#.....
#.# #.# #.$..!#. #.# #>#
###.#.# #.# #.# #...# #.#
#.# ..... #### #<# #.#
.....# .... ..# #.. ......
#### ### ### ##.


You could see an ogre, an iguana and a dart slug.

Vanquished Creatures
  A water moccasin (D:5)
  A hound (D:5)
  A jelly (D:5)
  4 iguanas
  An orc wizard (D:4)
  A hell rat (Sewer)
  6 adders
  4 river rats
  3 ribbon worms
  6 dart slugs
  10 orcs
  9 ball pythons
  6 bats
  8 endoplasms
  3 giant cockroaches
  12 goblins
  5 hobgoblins
  4 jackals (D:2)
  4 kobolds
  3 quokkas
  3 frilled lizards
  18 rats
113 creatures vanquished.

Notes
Turn   | Place    | Note
-------+----------+-------------------------------------------
     0 | D:1      | Killerpretzel the Octopode Shapeshifter began the quest for
                  | the Orb.
     0 | D:1      | Reached XP level 1. HP: 13/13 MP: 1/1
    30 | D:1      | Found Meant's General Store.
   108 | D:1      | Reached XP level 2. HP: 18/18 MP: 2/2
   137 | D:1      | Found Watepio's Book Emporium.
   221 | D:1      | Reached XP level 3. HP: 23/23 MP: 3/3
  1054 | D:2      | Reached XP level 4. HP: 14/29 MP: 4/4
  1540 | D:3      | Reached skill level 4 in Shapeshifting
  1540 | D:3      | Reached XP level 5. HP: 6/34 MP: 5/5
  1834 | D:3      | Found a radiant altar of Vehumet.
  1839 | D:3      | Became a worshipper of Vehumet
  2484 | D:4      | Found a glowing drain.
  2489 | D:4      | Reached * piety under Vehumet
  2489 | D:4      | Offered knowledge of Magic Dart by Vehumet.
  2498 | Sewer    | Entered a sewer
  2517 | Sewer    | Reached XP level 6. HP: 24/41 MP: 6/6
  3342 | D:5      | Entered Level 5 of the Dungeon
  3582 | D:5      | Noticed a water moccasin
  3590 | D:5      | Killed a water moccasin
  3591 | D:5      | Reached skill level 5 in Shapeshifting
  3591 | D:5      | Reached XP level 7. HP: 26/46 MP: 7/7
  4149 | D:5      | Slain by an ogre

Illustrated notes

Levels and vault maps discovered:
D:1:      tarquinn_simple_flora_water_b, layout_basic, serial_shops,
          nicolae_shop_stone, nicolae_shop_tiny_waterfront,
          hangedman_feature_mirror
D:2:      layout_basic
D:3:      layout_rooms, general_overflow_altar, serial_bayou_ford_a,
          minmay_close_crescents
D:4:      layout_gridville, portal_sewer_entry_a, minmay_misc_feat_tower
D:5:      layout_loops_corners, kennysheep_donut, minmay_fractal_squares_5

Skill      XL: |  1  2  3  4  5  6 |
---------------+-------------------+-----
Fighting       | 2 3 |  3.3
Shapeshifting  | 4 5 |  5.2
Dodging        | 3 |  3.7
Unarmed Combat | 4 |  4.4

Action                     |  1- 3 |  4- 6 |  7- 9 || total
---------------------------+-------+-------+-------++-------
  Melee: Unarmed           |    81 |   137 |    15 ||   233
         Constrict         |    22 |    34 |     3 ||    59
         Tentacles         |    12 |    27 |     5 ||    44
         Punch             |     3 |     6 |       ||     9
    Use: Scroll            |     5 |     5 |       ||    10
         Potion            |       |     1 |     1 ||     2
   Stab: Sleeping          |     4 |     7 |     1 ||    12
         Distracted        |       |     1 |       ||     1
 Armour: Skin              |    22 |    54 |    15 ||    91
  Dodge: Dodged            |    38 |    63 |    13 ||   114
